 Dungeon Crawl Stone Soup version 0.23-a0-844-gdc03e01 (console) character file.

709 bli the Slasher (level 8, -4/60 HPs)
             Began as a Formicid Fighter on Jan 26, 2019.
             Was an Initiate of Wu Jian.
             Slain by Blork the orc
             ... wielding a +0 halberd
              (12 damage)
             ... on level 4 of the Dungeon.
             The game lasted 00:15:54 (4025 turns).

bli the Slasher (Formicid Fighter)                  Turns: 4025, Time: 00:15:55

Health: -4/60      AC:  6    Str: 27    XL:     8   Next: 0%
Magic:  8/8        EV:  8    Int:  8    God:    Wu Jian [......]
Gold:   136        SH: 10    Dex: 11    Spells: 7/7 levels left

rFire    . . .     SeeInvis +   a - +0 long sword
rCold    . . .     Gourm    .   c - +0 shield
rNeg     . . .     Faith    .   p - +0 scale mail
rPois    .         Spirit   .   (helmet unavailable)
rElec    .         Reflect  .   (no cloak)
rCorr    .         Harm     .   (no gloves)
MR       .....                  C - -2 pair of boots (curse)
Stlth    ..........             (no amulet)
HPRegen  0.20/turn              (no ring)
MPRegen  0.11/turn              (no ring)

@: mighty
A: permanent stasis, dig shafts and tunnels, four strong arms, antennae 3
a: Dig, Shaft Self, Renounce Religion


You were on level 4 of the Dungeon.
You worshipped Wu Jian.
Wu Jian was noncommittal.
You were very hungry.

You visited 1 branch of the dungeon, and saw 5 of its levels.

You collected 136 gold pieces.

Inventory:

Hand Weapons
 a - a +0 long sword (weapon)
 b - a +0 hunting sling
 x - a +0 blowgun
Missiles
 j - 87 stones (quivered)
 m - 10 sling bullets
 y - 5 poisoned needles
Armour
 c - a +0 shield (worn)
 i - a +0 chain mail
 p - a +0 scale mail (worn)
 u - a +0 pair of boots
 C - a cursed -2 pair of boots (worn)
 D - a +4 chain mail of fire resistance
Wands
 r - a wand of disintegration (8)
 z - a wand of polymorph (5)
Scrolls
 g - 2 scrolls of teleportation {unknown}
 h - 3 scrolls of remove curse {unknown}
 k - 4 scrolls of identify {unknown}
 l - a scroll of blinking {unknown}
 q - a scroll of random uselessness {unknown}
 s - a scroll of fog {unknown}
 t - 3 scrolls of enchant armour {unknown}
 w - a scroll of amnesia {unknown}
 A - a scroll of fear {unknown}
 B - a scroll of immolation {unknown}
Potions
 e - a potion of lignification {unknown}
 n - a potion of heal wounds
 o - 2 potions of agility
 v - a potion of brilliance {unknown}
 E - a potion of cancellation {unknown}
Comestibles
 f - 7 rations


   Skills:
 + Level 4.0 Fighting
 * Level 5.9 Long Blades
 + Level 1.5 Slings
 + Level 5.3 Armour
 * Level 5.5 Shields


You had 7 spell levels left.
You didn't know any spells.
Your spell library was empty.

Dungeon Overview and Level Annotations

Branches:
Dungeon (5/15)
 Temple: D:4-7

Altars:
Elyvilon
Fedhas
Gozag
Kikubaaqudgha
Wu Jian
Yredelemnul

Annotations:
D:4 2 transporters, Autsider's ghost, amateur OpWz; Blork the orc


Innate Abilities, Weirdness & Mutations

You cannot be hasted, slowed, berserked, paralysed or teleported.
You can dig through walls and to a lower floor.
Your four strong arms can wield two-handed weapons with a shield.
You have a pair of large antennae on your head. (SInv)


Message History

* * * LOW HITPOINT WARNING * * *
You block Blork the orc's attack.
You barely miss Blork the orc.
Blork the orc is lightly wounded.
You are feeling very hungry.
You block Blork the orc's attack.
You barely miss Blork the orc.
Blork the orc is lightly wounded.
Blork the orc hits you with a +0 halberd!
* * * LOW HITPOINT WARNING * * *
Blork the orc hits you with a +0 halberd.
* * * LOW HITPOINT WARNING * * *
You completely miss Blork the orc.
Blork the orc is lightly wounded.
You block Blork the orc's attack.
Are you sure you want to shaft yourself?
You feel somewhat more hungry.
Blork the orc begins to cast a cantrip, but forgets the words!
Blork the orc hits you with a +0 halberd!
You die...

.................## ##...
..................####....
....................##....
...........................
............................
.............................
............................##
..............(.>...........##
............................##
.............................#
.............@...............#
............o................#
..............................
..............................
..............................
.....(........................
..............................
..............................
..............................
.(............................
(.............................


You could see Blork the orc.

Vanquished Creatures
  Edmund (D:5)
  An ogre (D:4)
  A bullfrog zombie (D:5)
  A hound (D:4)
  A centaur zombie (D:5)
  A bullfrog skeleton (D:4)
  An orc wizard (D:3)
  Terence (D:2)
  Jessica (D:2)
  Natasha (thrice) (D:2)
  3 worker ants (D:4)
  Robin (D:4)
  6 adders
  A worm (D:2)
  A dart slug (D:3)
  3 leopard geckos
  5 orcs (D:3)
  4 giant cockroaches
  15 goblins
  8 hobgoblins
  11 kobolds
  2 quokkas (D:2)
  3 ball pythons
  5 bats
  6 frilled lizards
  6 rats
92 creatures vanquished.

Notes
Turn   | Place    | Note
-------+----------+-------------------------------------------
     0 | D:1      | bli the Formicid Fighter began the quest for the Orb.
     0 | D:1      | Reached XP level 1. HP: 18/18 MP: 1/1
   276 | D:1      | Reached XP level 2. HP: 21/24 MP: 2/2
   664 | D:2      | Reached XP level 3. HP: 15/29 MP: 3/3
  1125 | D:2      | Noticed Terence
  1138 | D:2      | Killed Terence
  1138 | D:2      | Reached XP level 4. HP: 18/35 MP: 4/4
  1504 | D:2      | Noticed Natasha
  1519 | D:2      | Killed Natasha
  1519 | D:2      | Reached XP level 5. HP: 20/41 MP: 5/5
  1663 | D:2      | Noticed Natasha
  1674 | D:2      | Killed Natasha
  1836 | D:2      | Noticed Natasha
  1849 | D:2      | Killed Natasha
  1880 | D:2      | Noticed Jessica
  1890 | D:2      | Killed Jessica
  1890 | D:2      | Reached XP level 6. HP: 41/47 MP: 6/6
  2051 | D:2      | Found a basalt altar of Yredelemnul.
  2162 | D:3      | Reached skill level 5 in Armour
  2774 | D:3      | Found an opulent altar of Gozag.
  2971 | D:3      | Found an ancient bone altar of Kikubaaqudgha.
  3027 | D:3      | Found an ornate altar of the Wu Jian Council.
  3034 | D:3      | Became a worshipper of the Wu Jian Council
  3254 | D:4      | Reached skill level 5 in Long Blades
  3312 | D:4      | Reached XP level 7. HP: 33/52 MP: 7/7
  3362 | D:4      | Found a transporter.
  3391 | D:4      | Found a blossoming altar of Fedhas.
  3498 | D:4      | Noticed Robin
  3511 | D:4      | Reached skill level 1 in Slings
  3568 | D:4      | Killed Robin
  3676 | D:4      | Found a white marble altar of Elyvilon.
  3697 | D:4      | Found a transporter.
  3699 | D:4      | Noticed Autsider's ghost (amateur OpWz)
  3763 | D:4      | Noticed Edmund
  3768 | D:4      | Noticed Blork the orc
  3782 | D:5      | Entered Level 5 of the Dungeon
  3794 | D:5      | Reached skill level 5 in Shields
  3831 | D:5      | Killed Edmund
  3836 | D:5      | Reached XP level 8. HP: 10/60 MP: 8/8
  4025 | D:4      | Slain by Blork the orc

Vault maps used:
D:1:      minmay_arrival_diagonal_passages
D:2:      minmay_alternating_diamond, nicolae_overflow_hidden_temple,
          first_ration, uniq_terence, uniq_jessica, uniq_natasha
D:3:      lemuel_doored_altar, lemuel_round_altar, corexii_hall_statues_u,
          lemuel_altar_in_water
D:4:      kennysheep_mini, gammafunk_ghost_arena,
          chequers_serial_rivers_micro_d, fedhas_altar_fruit_tree, uniq_edmund,
          uniq_robin, uniq_blork_the_orc
D:5:      old_standard_altar, minitemple, serial_shops,
          nicolae_shop_temple_entry_statues_fountains,
          ebering_ghost_disaster_area

Skill      XL: |  1  2  3  4  5  6  7 |
---------------+----------------------+-----
Shields        | 4 5 |  5.5
Long Blades    | 3 4 5 |  5.9
Armour         | 4 5 |  5.3
Slings         | 1 |  1.5
Fighting       | 4 |  4.0

Action                   |  1- 3 |  4- 6 |  7- 9 || total
-------------------------+-------+-------+-------++-------
Melee: Long sword        |    85 |   209 |   114 ||   408
       Unarmed           |       |     9 |       ||     9
 Fire: Hunting sling     |       |    10 |    14 ||    24
Throw: Stone             |     1 |     1 |     5 ||     7
Invok: Lunge             |       |       |     2 ||     2
 Abil: Dig               |       |     1 |       ||     1
       Shaft Self        |       |       |     1 ||     1
  Use: Potion            |       |       |     2 ||     2
 Stab: Confused          |       |     1 |       ||     1
  Eat: Chunk             |     1 |     7 |     2 ||    10
Armor: Scale mail        |    39 |    75 |    32 ||   146
       Skin              |       |     3 |       ||     3
Dodge: Dodged            |    39 |    66 |    18 ||   123
Block: Shield            |    58 |    96 |    59 ||   213
       Rpst.: Long sword |    13 |    21 |     5 ||    39

Table legend:
 A = Non-vault XP
 B = Vault XP
 C = Vault XP percentage of total XP
 D = Non-vault monster count
 E = Vault monster count
 F = Vault count percentage of total count
                 A         B        C        D         E       F
            +---------+---------+-------+---------+---------+-------
      Total |     676 |     338 |  33.3 |      72 |      20 |  21.7
            +---------+---------+-------+---------+---------+-------
        D:1 |      10 |       0 |   0.0 |       7 |       0 |   0.0
        D:2 |     149 |     127 |  46.0 |      27 |       7 |  20.6
        D:3 |     102 |       0 |   0.0 |      28 |       0 |   0.0
        D:4 |     323 |      38 |  10.5 |       8 |      12 |  60.0
        D:5 |      92 |     173 |  65.3 |       2 |       1 |  33.3
            +---------+---------+-------+---------+---------+-------
